 Dungeon Crawl Stone Soup version 0.22-a0-467-g5c5de1cb09 (webtiles) character file.

11683 Ikesh the Tainter (level 12, -4/92 HPs)
             Began as a Formicid Venom Mage on June 10, 2018.
             Was a Believer of Elyvilon.
             Slain by a red ugly thing (6 damage)
             ... on level 12 of the Dungeon.
             The game lasted 01:58:01 (15247 turns).

Ikesh the Tainter (Formicid Venom Mage)            Turns: 15247, Time: 01:58:02

Health: -4/92      AC: 14    Str: 27    XL:     12   Next: 10%
Magic:  11/21      EV: 13    Int: 16    God:    Elyvilon [**....]
Gold:   343        SH:  9    Dex: 13    Spells: 13/23 levels left

rFire    + . .     SeeInvis +   u - +1 falchion of Epoavitent {freeze, +Inv rN+++ Str+5 Dex-3}
rCold    + . .     Gourm    .   E - +0 buckler of Valiance {rC+ Dex+2}
rNeg     + + +     Faith    .   x - +5 ring mail {rF+}
rPois    .         Spirit   .   (helmet unavailable)
rElec    .         Reflect  +   a - scarf {cloud immunity}
rCorr    .         Harm     .   j - +0 pair of gloves
MR       +....                  y - +0 pair of boots
Stlth    +++.......             e - +5 amulet of reflection
HPRegen  0.25/turn              n - +3 ring of dexterity
MPRegen  0.17/turn              t - +2 ring of slaying

@: mighty, protection
A: permanent stasis, dig shafts and tunnels, four strong arms, antennae 3
a: Dig, Shaft Self, Lesser Healing, Heal Other, Divine Protection, Renounce
Religion, Evoke Invisibility


You were on level 12 of the Dungeon.
You worshipped Elyvilon.
Elyvilon was pleased with you.
You were not hungry.

You visited 3 branches of the dungeon, and saw 14 of its levels.
You also visited: Sewer.

You collected 693 gold pieces.
You spent 350 gold pieces at shops.

Inventory:

Hand Weapons
 u - the +1 falchion of Epoavitent (weapon) {freeze, +Inv rN+++ Str+5 Dex-3}
   (You bought it in a shop on level 5 of the Dungeon)

   It has been specially enchanted to freeze those struck by it, causing extra
   injury to most foes and up to half again as much damage against particularly
   susceptible opponents.
   It can also slow down cold-blooded creatures.
   It affects your strength (+5).
   It affects your dexterity (-3).
   It renders you almost immune to negative energy.
   It lets you turn invisible.
 z - a +0 great sword
 I - a +1 dagger of speed
Armour
 a - a scarf of cloud immunity (worn)
 j - a +0 pair of gloves (worn)
 v - +0 steam dragon scales
 x - a +5 ring mail of fire resistance (worn)
 y - a +0 pair of boots (worn)
 E - the +0 buckler of Valiance (worn) {rC+ Dex+2}
   (You found it on level 11 of the Dungeon)

   It affects your dexterity (+2).
   It protects you from cold.
Magical Staves
 H - an uncursed staff of air {unknown}
Jewellery
 e - a +5 amulet of reflection (around neck)
 f - an uncursed ring of resist corrosion
 n - a +3 ring of dexterity (left hand)
 s - a cursed amulet of guardian spirit
 t - a +2 ring of slaying (right hand)
 D - a +3 ring of protection
Wands
 m - a wand of digging (21)
 r - a wand of paralysis (6)
 w - a wand of iceblast (4)
Scrolls
 b - 5 scrolls of magic mapping
 g - 4 scrolls of remove curse
 k - 2 scrolls of fog
 l - a scroll of immolation
 o - 2 scrolls of enchant weapon
 B - a scroll of enchant armour
 C - 4 scrolls of identify
Potions
 d - 6 potions of curing
 h - a potion of might
 i - 3 potions of flight
 q - a potion of cancellation {unknown}
 G - a potion of brilliance
Miscellaneous
 A - a fan of gales
 F - a lamp of fire
Comestibles
 c - 17 rations


   Skills:
 * Level 7.9 Fighting
 - Level 4.6(5.9) Short Blades
 * Level 5.7(6.5) Long Blades
 * Level 7.2 Armour
 + Level 4.9 Dodging
 + Level 6.3 Stealth
 + Level 2.4 Shields
 - Level 0.4 Unarmed Combat
 - Level 6.0 Spellcasting
 - Level 1.0 Conjurations
 - Level 2.3 Air Magic
 + Level 8.8 Poison Magic
 * Level 7.0 Invocations
 + Level 4.7 Evocations


You had 13 spell levels left.
You knew the following spells:

 Your Spells              Type           Power        Failure   Level  Hunger
a - Sting                 Conj/Pois      ###.         2%          1    None
b - Poisonous Vapours     Pois/Air       ###...       3%          2    #......
c - Mephitic Cloud        Conj/Pois/Air  ###.....     11%         3    ##.....
d - Olgreb's Toxic Radia  Pois           ####....     4%          4    ####...

Your spell library contained the following spells:

 Spells                   Type           Power        Failure   Level  Hunger
 Magic Dart               Conj           #...         13%         1    None
 Apportation              Tloc           #.....       19%         1    None
 Venom Bolt               Conj/Pois      ###.......   56%         5    ######.
 Summon Small Mammal      Summ           #...         19%         1    None
 Iskenderun's Mystic Bla  Conj           #.......     77%         4    ####...
 Animate Skeleton         Necr           N/A          19%         1    None
 Confusing Touch          Hex            #.....       19%         1    None
 Fulminant Prism          Conj/Hex       #.........   83%         4    ####...
 Dazzling Spray           Conj/Hex       #.....       43%         3    ##.....
 Force Lance              Conj/Tloc      #.......     83%         4    ####...
 Searing Ray              Conj           #.....       19%         2    #......


Dungeon Overview and Level Annotations

Branches:
Dungeon (12/15)            Temple (1/1) D:7            Lair (1/6) D:10
    Orc: D:9-12

Altars:
Ashenzari
Cheibriados
Dithmenos
Elyvilon
Fedhas
Gozag
Hepliaklqana
Kikubaaqudgha
Makhleb
Nemelex Xobeh
Okawaru
Qazlal
Ru
Sif Muna
Trog
Uskayaw
Vehumet
Wu Jian
Xom
Yredelemnul
Zin
The Shining One

Shops:
D:5 ?(   D:7 [   D:8 %

Annotations:
Lair:1 dricus's ghost, journeyman CeHu


Innate Abilities, Weirdness & Mutations

You cannot be hasted, slowed, berserked, paralysed or teleported.
You can dig through walls and to a lower floor.
Your four strong arms can wield two-handed weapons with a shield.
You have a pair of large antennae on your head. (SInv)


Message History

You are engulfed in flames!
You resist.
* * * LOW HITPOINT WARNING * * *
Okay, then.
You beseech Elyvilon to protect your life.
The red ugly thing engulfs you but does no damage.
You feel very mighty all of a sudden. The red ugly thing engulfs you.
* * * LOW HITPOINT WARNING * * *
You are engulfed in flames.
You resist.
* * * LOW HITPOINT WARNING * * *
You hit the red ugly thing. You freeze the red ugly thing.
The red ugly thing is heavily wounded.
The red ugly thing barely misses you.
You slash the red ugly thing! You freeze the red ugly thing.
The red ugly thing is heavily wounded.
The red ugly thing engulfs you but does no damage.
You slash the red ugly thing! You freeze the red ugly thing.
The red ugly thing is severely wounded.
The red ugly thing engulfs you.
You die...

.. ..#######
.........
#........
#.......#
#.......#
#..(..$.#
#......@#
....†..u#
.........
..........
...........
.....$....#+
..........#
..........#


You could see a red ugly thing.

Vanquished Creatures
  2 two-headed ogres
  The ghost of Foic the Grappler, a novice TrFi of Makhleb (D:9)
  A cyclops (D:11)
  An ugly thing (D:11)
  A gargoyle (D:11)
  A komodo dragon (D:10)
  A troll (D:10)
  Grinder (D:2)
  4 hippogriffs
  A spriggan (D:11)
  17 yaks
  A basilisk (D:12)
  A wyvern (D:9)
  A steam dragon (D:9)
  2 hell hounds (D:10)
  A water moccasin (D:10)
  A black bear (D:8)
  3 orc warriors
  A necrophage (D:10)
  A phantom (D:6)
  3 ice beasts
  8 ogres
  2 centaurs (D:9)
  A crocodile (D:7)
  4 bullfrogs
  4 big kobolds
  3 scorpions
  2 wights (D:11)
  2 howler monkeys
  6 crimson imps
  A gnoll shaman (D:7)
  A bullfrog zombie (D:9)
  10 orc priests
  5 jellies
  3 centaur skeletons
  6 hounds
  8 orc wizards
  2 iguanas
  Natasha (thrice) (D:2 D:4)
  7 worker ants
  A killer bee zombie (D:10)
  A hound skeleton (D:5)
  A howler monkey zombie (D:5)
  A worker ant zombie (D:11)
  5 gnolls
  16 adders
  2 river rats (D:4)
  3 shadow imps
  3 oozes
  3 adder skeletons
  An adder zombie (D:9)
  9 worms
  2 dart slugs (D:1)
  4 leopard geckos
  46 orcs
  5 bats
  7 giant cockroaches
  6 goblins
  15 hobgoblins
  10 jackals
  4 ball pythons
  3 frilled lizards
  A jackal skeleton (D:7)
  12 kobolds
  A leopard gecko zombie (D:5)
  9 rats
295 creatures vanquished.

Vanquished Creatures (others)
  A wight (D:11)
1 creature vanquished.

Grand Total: 296 creatures vanquished

Notes
Turn   | Place    | Note
-------+----------+-------------------------------------------
     0 | D:1      | Ikesh the Formicid Venom Mage began the quest for the Orb.
     0 | D:1      | Reached XP level 1. HP: 13/13 MP: 3/3
   146 | D:1      | Reached XP level 2. HP: 12/19 MP: 0/5
   467 | D:1      | Reached skill level 1 in Conjurations
   645 | D:1      | Reached XP level 3. HP: 24/24 MP: 4/6
  1209 | D:1      | Learned a level 2 spell: Poisonous Vapours
  1526 | D:2      | Reached XP level 4. HP: 30/30 MP: 4/7
  1730 | D:2      | Noticed Natasha
  1733 | D:2      | Killed Natasha
  1733 | D:2      | Reached skill level 1 in Short Blades
  1733 | D:2      | Reached skill level 5 in Poison Magic
  1753 | D:2      | Noticed Natasha
  2557 | D:3      | Noticed Grinder
  2743 | D:2      | Killed Grinder
  2743 | D:2      | Reached skill level 1 in Air Magic
  2743 | D:2      | Reached XP level 5. HP: 20/35 MP: 8/10
  2743 | D:2      | Reached XP level 6. HP: 24/41 MP: 8/11
  2913 | D:3      | Reached skill level 6 in Poison Magic
  3036 | D:3      | Learned a level 3 spell: Mephitic Cloud
  3244 | D:3      | Reached XP level 7. HP: 47/47 MP: 2/13
  3597 | D:3      | Found a white marble altar of Elyvilon.
  3610 | D:3      | Became a worshipper of Elyvilon the Healer
  3897 | D:4      | Found a glowing drain.
  3902 | Sewer    | Entered a sewer
  4861 | Sewer    | Reached skill level 5 in Spellcasting
  4923 | D:4      | Killed Natasha
  4923 | D:4      | Reached XP level 8. HP: 53/53 MP: 2/15
  5460 | D:4      | Reached skill level 1 in Fighting
  5531 | D:4      | Reached skill level 1 in Armour
  5651 | D:4      | Found a blossoming altar of Fedhas.
  5676 | D:4      | Reached * piety under Elyvilon
  5852 | D:4      | Noticed Natasha
  5856 | D:4      | Killed Natasha
  5981 | D:4      | Learned a level 4 spell: Olgreb's Toxic Radiance
  6288 | D:5      | Entered Level 5 of the Dungeon
  6290 | D:5      | Found Sorghyawi's Magic Scroll Shoppe.
  6293 | D:5      | Bought a scroll of magic mapping for 45 gold pieces
  6293 | D:5      | Bought a scroll of enchant armour for 97 gold pieces
  6304 | D:5      | Got a fine chain mail
  6315 | D:5      | Identified the +2 chain mail of Satisfaction {Str+2} (You found it on level 5 of the Dungeon)
  6540 | D:5      | Found Ruimixkino's Antique Weapon Boutique.
  6908 | D:5      | Reached ** piety under Elyvilon
  7570 | D:6      | Reached XP level 9. HP: 55/63 MP: 13/18
  8215 | D:5      | Bought a faintly glowing falchion for 208 gold pieces
  8215 | D:5      | Identified the +1 falchion of Epoavitent {freeze, +Inv rN+++ Str+5 Dex-3} (You bought it in a shop on level 5 of the Dungeon)
  8498 | D:7      | Found Gehuon's Antique Armour Shop.
  8531 | D:7      | Found a staircase to the Ecumenical Temple.
  8543 | Temple   | Entered the Ecumenical Temple
  8564 | Temple   | Reached *** piety under Elyvilon
  8646 | Temple   | Fell from the grace of Elyvilon
  8646 | Temple   | Became a worshipper of the Shining One
  8646 | Temple   | Reached * piety under the Shining One
  8827 | D:7      | Reached skill level 1 in Invocations
  8868 | D:7      | Reached skill level 1 in Long Blades
  9018 | D:7      | Reached skill level 7 in Poison Magic
  9018 | D:7      | Reached skill level 1 in Evocations
  9036 | D:7      | Noticed a hippogriff
  9053 | D:7      | Killed a hippogriff
  9213 | D:7      | Found a shimmering altar of Xom.
  9214 | D:7      | Found a snail-covered altar of Cheibriados.
  9283 | D:8      | Found Touclytu's Food Shoppe.
  9411 | D:8      | Reached skill level 5 in Fighting
  9932 | D:3      | Fell from the grace of the Shining One
  9932 | D:3      | Became a worshipper of Elyvilon the Healer
 10552 | D:9      | Noticed a hippogriff
 10560 | D:9      | Killed a hippogriff
 10560 | D:9      | Reached XP level 10. HP: 52/74 MP: 5/19
 10623 | D:9      | Found a shadowy altar of Dithmenos.
 10628 | D:9      | Noticed Foic's ghost (novice TrFi)
 11117 | D:9      | Reached skill level 5 in Armour
 11232 | D:9      | Killed Foic's ghost
 11442 | D:9      | Reached skill level 5 in Stealth
 11463 | D:9      | Reached skill level 8 in Poison Magic
 11463 | D:9      | Reached skill level 5 in Invocations
 11469 | D:9      | Reached XP level 11. HP: 75/83 MP: 3/20
 11880 | D:10     | Entered Level 10 of the Dungeon
 12725 | D:10     | Found a staircase to the Lair.
 12873 | D:10     | Reached skill level 1 in Shields
 13141 | D:10     | Noticed a two-headed ogre
 13153 | D:10     | Killed a two-headed ogre
 13153 | D:10     | Reached skill level 5 in Long Blades
 13477 | Lair:1   | Entered Level 1 of the Lair of Beasts
 13578 | Lair:1   | Noticed dricus's ghost (journeyman CeHu)
 14458 | D:11     | Noticed a cyclops
 14512 | D:11     | Killed a cyclops
 14793 | D:11     | Noticed a green ugly thing
 14975 | D:11     | Noticed a two-headed ogre
 14993 | D:11     | Killed a two-headed ogre
 14993 | D:11     | Reached XP level 12. HP: 81/92 MP: 7/21
 15094 | D:11     | Got a translucent buckler
 15105 | D:11     | Identified the +0 buckler of Valiance {rC+ Dex+2} (You found it on level 11 of the Dungeon)
 15244 | D:12     | HP: 1/92 [red ugly thing (6)]
 15247 | D:12     | Slain by a red ugly thing

Vault maps used:
D:1:      minmay_arrival_three_doors, serial_corexii_hall,
          corexii_hall_statues_l, corexii_hall_statues_s
D:2:      uniq_natasha
D:3:      old_standard_altar, first_ration, uniq_grinder
D:4:      lemuel_crystal_altar, lightli_sewer_entry_pipes
D:5:      serial_shops, shop, kennysheep_mini
D:6:      cheibrodos_quashed, kennysheep_generic_room_14
D:7:      chequers_temple_overflow_statue_of_worship, temple_doors_ab,
          serial_shops, nicolae_shop_overgrown_old_shop
D:8:      serial_shops, shop
D:9:      basic_altar
D:10:     minmay_lair_entry_lava
D:11:     the_bakery, minmay_checkerbox
D:12:     david_orc_4, serial_shops,
          nicolae_shop_temple_entry_statues_fountains, minmay_hidden_floor
Temple:   compressed_dpeg_circular_temple
Lair:1:   infiniplex_staircase_pool, grunt_megastairs_3
Sewer:    sewer_co_15_rooms

Skill      XL: |  1  2  3  4  5  6  7  8  9 10 11 12 |
---------------+-------------------------------------+-----
Dodging        | 2 3 4 |  4.9
Conjurations   | 1 |  1.0
Short Blades   | 1 2 4 |  4.6
Poison Magic   | 5 6 7 8 |  8.8
Stealth        | 3 4 5 6 |  6.3
Spellcasting   | 3 4 5 6 |  6.0
Air Magic      | 1 2 |  2.3
Fighting       | 3 5 6 7 |  7.9
Armour         | 1 4 5 7 |  7.2
Invocations    | 3 5 6 7 |  7.0
Long Blades    | 2 4 5 |  5.7
Evocations     | 2 3 4 |  4.7
Shields        | 2 |  2.4
Unarmed Combat | |  0.4

Action                   |  1- 3 |  4- 6 |  7- 9 | 10-12 || total
-------------------------+-------+-------+-------+-------++-------
Melee: Unarmed           |    25 |       |       |       ||    25
       Dagger            |    36 |       |       |       ||    36
       Rapier            |       |    19 |   167 |       ||   186
       Falchion          |       |       |    91 |   295 ||   386
       Punch             |       |       |     1 |       ||     1
 Cast: Sting             |    33 |     4 |     9 |     6 ||    52
       Poisonous Vapours |     8 |    36 |   211 |   147 ||   402
       Mephitic Cloud    |       |       |     1 |    23 ||    24
Invok: Lesser Healing    |       |       |     1 |    12 ||    13
       Heal Other        |       |       |       |     3 ||     3
       Divine Protection |       |       |       |     1 ||     1
 Abil: Dig               |     1 |     2 |     9 |     1 ||    13
Evoke: Wand              |       |       |     8 |    12 ||    20
  Use: Potion            |       |     5 |     5 |     7 ||    17
       Scroll            |       |     6 |    18 |     3 ||    27
 Stab: Sleeping          |     3 |     1 |     1 |     1 ||     6
       Confused          |       |       |       |     9 ||     9
  Eat: Chunk             |     3 |     4 |    18 |    16 ||    41
       Ration            |       |     1 |     3 |     1 ||     5
Armor: Robe              |     9 |       |       |       ||     9
       Leather armour    |       |     1 |    29 |       ||    30
       Ring mail         |       |       |    41 |    80 ||   121
Dodge: Dodged            |    38 |    15 |   134 |    99 ||   286
Block: Other             |    26 |     3 |    36 |       ||    65
       Reflection        |     1 |       |     1 |     4 ||     6
       Buckler           |       |       |     8 |    91 ||    99
       Rpst.: Falchion   |       |       |    14 |    29 ||    43

Table legend:
 A = Spawn XP
 B = Non-spawn XP
 C = Spawn XP percentage of total XP
 D = Spawn monster count
 E = Non-spawn monster count
 F = Spawn count percentage of total count
 G = Total turns spent on level
                    A         B        C        D         E        F      G
               +---------+---------+-------+---------+---------+-------+---------
         Total |       0 |   16663 |   0.0 |       0 |     296 |   0.0 | 15247
               +---------+---------+-------+---------+---------+-------+---------
           D:1 |       0 |      46 |   0.0 |       0 |      25 |   0.0 |  1298
           D:2 |       0 |     338 |   0.0 |       0 |      14 |   0.0 |  1467
           D:3 |       0 |     174 |   0.0 |       0 |      20 |   0.0 |  1041
           D:4 |       0 |     519 |   0.0 |       0 |      40 |   0.0 |  1795
           D:5 |       0 |     537 |   0.0 |       0 |      20 |   0.0 |  1157
           D:6 |       0 |     353 |   0.0 |       0 |      10 |   0.0 |  1031
           D:7 |       0 |     793 |   0.0 |       0 |      18 |   0.0 |   779
           D:8 |       0 |     448 |   0.0 |       0 |      13 |   0.0 |   733
           D:9 |       0 |    4580 |   0.0 |       0 |      47 |   0.0 |  1471
          D:10 |       0 |    4584 |   0.0 |       0 |      46 |   0.0 |  2061
          D:11 |       0 |    3767 |   0.0 |       0 |      22 |   0.0 |  1265
          D:12 |       0 |     189 |   0.0 |       0 |       1 |   0.0 |    28
         Sewer |       0 |     335 |   0.0 |       0 |      20 |   0.0 |   970
               +---------+---------+-------+---------+---------+-------+---------
